 Dungeon Crawl Stone Soup version 0.28.0 (webtiles) character file.

Game seed: 10952829051456515698

95 RighteousDevil the Poker (level 4, 0/36 HPs)
             Began as a Draconian Warper on Feb 14, 2022.
             Was a Believer of Cheibriados.
             Slain by an orc wizard (1 damage)
             ... on level 3 of the Dungeon.
             The game lasted 00:03:05 (2621 turns).

RighteousDevil the Poker (Draconian Warper)         Turns: 2621, Time: 00:03:06

Health: 0/36       AC:  5    Str: 14 (17) XL:     4   Next: 39%
Magic:  6/7        EV: 12    Int: 17 (19) God:    Cheibriados [**....]
Gold:   79         SH:  0    Dex: 14 (15) Spells: 5/7 levels left

rFire   . . .      SeeInvis .   a - +0 spear
rCold   . . .      Faith    .   (no shield)
rNeg    . . .      Spirit   .   (armour unavailable)
rPois   .          Reflect  .   (helmet restricted)
rElec   .          Harm     .   (no cloak)
rCorr   .          Rampage  .   (no gloves)
Will    .....                   (no boots)
Stlth   +.........              (no amulet)
HPRegen 0.12/turn               (no ring)
MPRegen 0.10/turn               (no ring)

@: confused, very slow
A: AC +5, unfitting armour, cold-blooded
a: Renounce Religion, Bend Time


You were on level 3 of the Dungeon.
You worshipped Cheibriados.
Cheibriados was pleased with you.
You visited 1 branch of the dungeon, and saw 3 of its levels.

You collected 79 gold pieces.

Inventory:

Hand Weapons
 a - a +0 spear (weapon)
 g - a +0 quarterstaff
Missiles
 c - 5 boomerangs of dispersal (quivered)
 e - 3 curare-tipped darts
Jewellery
 l - a ring of flight
Scrolls
 b - a scroll of blinking
 d - 2 scrolls of identify
 f - a scroll of holy word
 h - a scroll of fear {unknown}
 k - a scroll of teleportation {unknown}


   Skills:
 - Level 2.1 Fighting
 + Level 4.7 Polearms
 - Level 0.8 Throwing
 - Level 2.1 Dodging
 - Level 2.0 Spellcasting
 - Level 3.0 Translocations


You had 5 spell levels left.
You knew the following spells:

 Your Spells              Type           Power      Damage    Failure   Level
a - Blink                 Tloc           22%        N/A       9%          2

Your spell library contained the following spells:

 Spells                   Type           Power      Damage    Failure   Level
 Gell's Gravitas          Tloc           11%        N/A       17%         3
 Lesser Beckoning         Tloc           11%        N/A       17%         3
 Teleport Other           Tloc           11%        N/A       17%         3
 Manifold Assault         Tloc           11%        N/A       83%         5


Dungeon Overview and Level Annotations

Branches:
Dungeon (3/15)

Altars:
Cheibriados


Innate Abilities, Weirdness & Mutations

Your plain brown scales are hard. (AC +5)
You cannot fit into any form of body armour.
You are cold-blooded and may be slowed by cold attacks.


Message History

* * * LOW HITPOINT WARNING * * *
You feel as though you will be slow longer.
Something freezes you.
* * * LOW HITPOINT WARNING * * *
Unknown command.
You aren't carrying any potions.
You bump into the rock wall.
Something barely misses you.
You miss something.
You feel less confused. Something hits you but does no damage.
Okay, then.
Okay, then.
Casting: Blink (safe; 9% risk of failure)
Confirm with . or Enter, or press ? or * to list all spells.
You blink.
Unknown command.
You feel yourself speed up.
You feel stable enough to blink again.
You hear some strange, mumbled words.
You are confused.
You bump into the rock wall.
You bump into the rock wall.
You feel less confused.
You hear some strange, mumbled words.
You are confused.
Something hits you.
* * * LOW HITPOINT WARNING * * *
Something freezes you.
* * * LOW HITPOINT WARNING * * *
Okay, then.
You miss something. Something hits you but does no damage. Something hits you.
* * * LOW HITPOINT WARNING * * *
Something freezes you.
* * * LOW HITPOINT WARNING * * *
You're too confused to move!
An orc wizard appears from thin air!
Reactivating autopickup.
The orc wizard hits you with a +1 dagger of freezing.
* * * LOW HITPOINT WARNING * * *
The orc wizard freezes you.
You die...

### ### ### #.# #.# #.#
#.###.# #.##### # #<....#
#.....# #.#####.#
#.###.########
#.#.....o@###.##..........
#.............##..########
#####.......##..#
#.###.......# #.#
#.#...)##
#.###.#####.########
#.#.......).........
#.#.#>..........>...
#.#.#...#.#.......#.


You could see an orc wizard.

Vanquished Creatures
  4 adders
  A worm (D:3)
  A dart slug (D:1)
  An orc (D:3)
  8 endoplasms
  A giant cockroach (D:3)
  4 goblins
  3 hobgoblins (D:1)
  5 jackals (D:1)
  3 kobolds
  3 quokkas (D:1)
  7 ball pythons
  A bat (D:2)
  A frilled lizard (D:2)
  7 rats
50 creatures vanquished.

Vanquished Creatures (others)
  6 plants (D:1)
6 creatures vanquished.

Grand Total: 56 creatures vanquished

Notes
Turn   | Place    | Note
-------+----------+-------------------------------------------
     0 | D:1      | RighteousDevil the Draconian Warper began the quest for the
                  | Orb.
     0 | D:1      | Reached XP level 1. HP: 17/17 MP: 3/3
   346 | D:1      | Reached XP level 2. HP: 24/24 MP: 5/5
   413 | D:1      | Reached skill level 3 in Polearms
   898 | D:1      | Found a faded altar of an unknown god.
   898 | D:1      | Noticed a rust devil
   911 | D:1      | Prayed at the altar of an unknown god.
   911 | D:1      | Became a worshipper of Cheibriados the Contemplative
   911 | D:1      | Reached * piety under Cheibriados
   936 | D:1      | Reached XP level 3. HP: 29/29 MP: 6/6
  1647 | D:2      | Learned a level 2 spell: Blink
  1770 | D:2      | Reached ** piety under Cheibriados
  1771 | D:2      | Reached skill level 4 in Polearms
  2113 | D:2      | Reached XP level 4. HP: 36/36 MP: 7/7
  2621 | D:3      | HP: 1/36 [orc wizard (1)]
  2621 | D:3      | Slain by an orc wizard

Illustrated notes

Levels and vault maps discovered:
D:1:      saegor_arrival_fortress, layout_basic, serial_forest,
          infiniplex_forest_lined_ring, infiniplex_forest_clump_large,
          infiniplex_forest_split, infiniplex_forest_lined_room_3,
          infiniplex_forest_clump_long, infiniplex_forest_end_1,
          infiniplex_forest_corner_2, infiniplex_forest_lined_3_way,
          infiniplex_forest_end_1, dreamdust_ecumenical_altar_sealed_demon
D:2:      layout_loops_ring
D:3:      layout_basic, nicolae_overflow_crystal_walls, uniq_ijyb

Skill      XL: |  1  2  3 |
---------------+----------+-----
Polearms       | 3 4 |  4.7
Fighting       | |  2.1
Throwing       | |  0.8
Dodging        | |  2.1
Spellcasting   | |  2.0
Translocations | |  3.0

Action                   |  1- 3 |  4- 6 || total
-------------------------+-------+-------++-------
Melee: Spear             |   205 |    44 ||   249
       Tailslap          |    31 |     3 ||    34
       Punch             |     7 |       ||     7
 Cast: Blink             |       |     1 ||     1
  Use: Potion            |       |     4 ||     4
       Scroll            |       |     1 ||     1
 Stab: Sleeping          |     1 |     1 ||     2
Armor: Skin              |    30 |     9 ||    39
Dodge: Dodged            |    76 |    17 ||    93
